 Dungeon Crawl Stone Soup version 0.27-a0-412-g8dd771eca2 (webtiles) character file.

Game seed: 15963113960295587161

51 wampuh the Insei (level 3, -7/29 HPs)
             Began as a Draconian Transmuter on Feb 24, 2021.
             Mangled by a gnoll
             ... wielding a +0 halberd
              (9 damage)
             ... on level 2 of the Dungeon.
             The game lasted 00:01:29 (1475 turns).

wampuh the Insei (Draconian Transmuter)             Turns: 1475, Time: 00:01:30

Health: -7/29      AC:  5    Str: 12    XL:     3   Next: 58%
Magic:  6/6        EV:  6    Int: 19    God:
Gold:   25         SH:  0    Dex: 12    Spells: 3/6 levels left

rFire    . . .     SeeInvis .     - Unarmed
rCold    . . .     Faith    .   (no shield)
rNeg     . . .     Spirit   .   (armour unavailable)
rPois    .         Reflect  .   (helmet currently unavailable)
rElec    .         Harm     .   (no cloak)
rCorr    .         Rampage  .   (no gloves)
Will     +....                  (boots currently unavailable)
Stlth    +.........             (no amulet)
HPRegen  0.09/turn              b - ring of willpower
MPRegen  0.10/turn              f - +6 ring of intelligence

@: appendages (expiring), held
A: unfitting armour, horns 2, talons 2, cold-blooded, AC +5
a: End Transformation


You were on level 2 of the Dungeon.
You had grown temporary horns.
You had grown temporary talons.
You visited 1 branch of the dungeon, and saw 2 of its levels.

You collected 25 gold pieces.

Inventory:

Armour
 d - a +2 pair of boots (melded)
Jewellery
 b - a ring of willpower (left hand)
 f - a +6 ring of intelligence (right hand)
Scrolls
 a - 2 scrolls of identify {unknown}
 e - a scroll of immolation {unknown}
 g - a scroll of enchant armour {unknown}
 j - a scroll of fog {unknown}
Potions
 c - a potion of cancellation {unknown}
 h - 2 potions of heal wounds {unknown}
 i - a potion of mutation {unknown}


   Skills:
 + Level 2.1 Fighting
 - Level 1.7 Dodging
 + Level 3.4 Unarmed Combat
 + Level 2.4 Spellcasting
 + Level 2.6 Transmutations


You had 3 spell levels left.
You knew the following spells:

 Your Spells              Type           Power        Failure   Level
a - Beastly Appendage     Tmut           24%          5%          1
b - Wereblood             Tmut           12%          9%          2

Your spell library contained the following spells:

 Spells                   Type           Power        Failure   Level
 Spider Form              Tmut/Pois      3%           28%         3
 Ice Form                 Ice/Tmut       7%           67%         4
 Blade Hands              Tmut           6%           83%         5


Dungeon Overview and Level Annotations

Branches:
Dungeon (2/15)

Altars:
Fedhas


Innate Abilities, Weirdness & Mutations

Your plain brown scales are hard. (AC +5)
You cannot fit into any form of body armour.
You are cold-blooded and may be slowed by cold attacks.
You have a pair of horns on your head.
You have razor-sharp toenails.


Message History

No target in view!
No target in view!
Your transformation is almost over. 3 gnolls come into view.
The gnoll shouts! x3
There are monsters nearby!
There are monsters nearby!
The gnoll barely misses you.
The gnoll hits you from afar with a +0 halberd.
You hit the gnoll. Your kick misses the gnoll. You headbutt the gnoll!
The gnoll is severely wounded.
Your horns disappear.
Your talons disappear.
Your +2 pair of boots unmelds from your body.
The gnoll barely misses you. The gnoll closely misses you.
You grow a pair of large bovine horns.
Your feet morph into talons.
Your +2 pair of boots melds into your body.
You closely miss the gnoll.
The gnoll is severely wounded.
The gnoll hits you from afar with a +0 halberd!
The gnoll barely misses you.
You hit the gnoll. Your headbutt misses the gnoll.
The gnoll is almost dead.
The gnoll hits you from afar with a +0 halberd!
* * * LOW HITPOINT WARNING * * *
The gnoll barely misses you.
There are monsters nearby!
You are too injured to fight recklessly!
You are too injured to fight recklessly!
The gnoll hits you from afar with a +0 halberd.
* * * LOW HITPOINT WARNING * * *
Your transformation is almost over.
The gnoll throws a throwing net.
The throwing net hits you.
You become entangled in the net!
You see here a throwing net.
You struggle against the net.
You tear a large gash into the net.
The gnoll hits you from afar with a +0 halberd.
* * * LOW HITPOINT WARNING * * *
The gnoll hits you with a +0 halberd!
You die...

#####.#######.##
#.#######.#
#.........#
#########.# #.#
#.# #.# #.######
#.@#...##
#..g..g.#
#.PgP.#.#
......_..#.#
##...P.P.#.#
#.........#######
#.#.#.....g..gg.#
#.#.###########.#
..#.


You could see 3 gnolls.

Vanquished Creatures
  2 adders (D:2)
  A dart slug (D:1)
  A leopard gecko (D:1)
  A ball python (D:1)
  3 bats (D:1)
  3 giant cockroaches (D:2)
  8 goblins
  3 hobgoblins (D:1)
  3 frilled lizards (D:1)
  2 kobolds
  2 rats (D:1)
29 creatures vanquished.

Notes
Turn   | Place    | Note
-------+----------+-------------------------------------------
     0 | D:1      | wampuh the Draconian Transmuter began the quest for the
                  | Orb.
     0 | D:1      | Reached XP level 1. HP: 16/16 MP: 3/3
    89 | D:1      | Reached XP level 2. HP: 23/23 MP: 5/5
   739 | D:2      | Learned a level 2 spell: Wereblood
   755 | D:2      | Reached XP level 3. HP: 16/29 MP: 4/6
  1433 | D:2      | Found a blossoming altar of Fedhas.
  1475 | D:2      | Mangled by a gnoll

Illustrated notes

Levels and vault maps discovered:
D:1:      dpeg_arrival_rooms_c, layout_basic
D:2:      layout_loops_corners, serial_aquarium, aquarium_bridge_straight
          [aquarium_subvault_bridge, aquarium_subvault_wall,
          aquarium_subvault_bridge, aquarium_subvault_wall],
          aquarium_window_corner, aquarium_window_1, aquarium_view_2e,
          aquarium_view_2a, aquarium_balcony_3b, aquarium_pool_five,
          fedhas_altar_1

Skill      XL: |  1  2 |
---------------+-------+-----
Fighting       | 2 |  2.1
Dodging        | |  1.7
Unarmed Combat | |  3.4
Spellcasting   | |  2.4
Transmutations | |  2.6

Action                   || total
-------------------------++-------
Melee: Unarmed           ||    65
       Kick              ||     7
       Headbutt          ||     6
       Tailslap          ||     4
 Cast: Beastly Appendage ||    18
 Stab: Sleeping          ||     1
Armor: Skin              ||    22
Dodge: Dodged            ||    38

Table legend: (Time is in decaauts)
 A = Elapsed time spent in this place.
 B = Non-inter-level travel time spent in this place.
 C = Inter-level travel time spent in this place.
 D = Time resting spent in this place.
 E = Time spent auto-exploring this place.
 F = Levels seen in this place.
 G = Mean time per level.
                   A        B        C        D        E       F      G
               +--------+--------+--------+--------+--------+-----+--------+
         Total |   1469 |   1366 |    103 |    305 |    851 |   2 |  734.5 |
       Dungeon |   1469 |   1366 |    103 |    305 |    851 |   2 |  734.5 |
               +--------+--------+--------+--------+--------+-----+--------+

Top non-repeatable levels by time:
     D:2: 738 daAuts
     D:1: 731 daAuts
